Map: Odyssey LE

Players

Notrel

  • Race: Zerg Zerg
  • League: Silver
  • Spawn Location: 5:00

Cuervo - Winner!

  • Race: Zerg Zerg
  • Spawn Location: 11:00

VOD

Have the link to the VOD?

Description

Time

  • Played on: Sept. 21, 2017, 1:20 p.m.
  • Length: 14:35
Show
View Real Time Build Order
Export as new Build Order

Notrel Zerg 

Build Orders: Hatch First, Zergling Baneling 

Get SALT Encoding   

  12  0:02  Drone  
  13  0:12  Overlord  
  13  0:17  Drone  
  14  0:31  Drone  
  14  0:32  Drone  
  14  0:35  Drone  
  17  0:54  Hatchery  
  16  0:57  Drone  
  17  1:11  Drone  
  18  1:17  Spawning Pool  
  17  1:20  Extractor  
  17  1:21  Drone  
  17  1:22  Drone  
  18  1:34  Drone  
  19  1:43  Drone  
  20  2:04  Overlord  
  20  2:10  Zergling x4  
  22  2:17  Queen x2  
  22  2:20  Drone x2  
  28  2:28  Zergling x2  
  28  2:29  Zergling x2  
  30  2:31  Metabolic Boost  
  30  2:50  Hatchery  
  29  2:58  Drone x3  
  31  2:59  Drone  
  31  3:01  Zergling x2  
  34  3:14  Baneling Nest  
  34  3:16  Drone  
  34  3:36  Drone  
  35  3:41  Roach Warren  
  34  4:13  Baneling x2  
  34  4:14  Baneling x7  
  34  4:15  Baneling, Zergling x8  
  34  4:16  Zergling x6  
  41  4:17  Zergling x2  
  41  4:21  Overlord x2  
  42  4:39  Queen, Drone  
  42  4:40  Drone x5  
  42  4:41  Drone x3  
  47  5:08  Roach x6  
  52  5:28  Extractor  
  52  5:33  Drone x4  
  52  5:34  Zergling x2  
  52  5:35  Zergling x4  
  58  5:37  Overlord x2  
  58  5:55  Drone x3  
  56  6:38  Roach  
  56  6:39  Roach x7  
  74  6:40  Roach  
  74  7:19  Lair  
  74  7:32  Overlord x3  
  74  7:47  Drone, Extractor x2  
  74  7:48  Drone  
  66  8:17  Drone x6  
  66  8:18  Drone x7  
  66  8:19  Drone x3  
  82  8:23  Queen  
  84  8:30  Drone x5  
  84  8:31  Drone x3  
  92  8:43  Overlord  
  92  8:44  Overlord  
  92  9:06  Ravager  
  93  9:11  Spire  
  93  9:12  Hatchery  
  91  9:35  Roach  
  91  9:36  Roach x6  
  105  9:38  Overlord  
  105  9:39  Overlord x4  
  105  9:43  Ravager  
  106  9:54  Unknown  
  106  10:20  Drone x3  
  106  10:21  Drone x6  
  115  10:31  Mutalisk  
  115  10:32  Mutalisk x8  
  135  10:41  Unknown  
  111  11:15  Mutalisk  
  111  11:16  Mutalisk x9  
  108  11:32  Zergling x12  
  114  11:33  Zergling x2  
  75  12:05  Hatchery  
  72  12:09  Hatchery  
  54  12:24  Zerg Flyer Weapons Level 1  
  45  13:02  Hatchery  
  44  13:22  Queen  
  44  13:23  Queen  
  12  13:53  Zergling x12  
Show
View Real Time Build Order
Export as new Build Order

Cuervo Zerg - Winner!

Build Orders: Pool First 

Get SALT Encoding   

  12  0:01  Drone  
  13  0:09  Drone  
  14  0:17  Overlord  
  14  0:24  Extractor  
  14  0:25  Drone  
  15  0:38  Drone x2  
  17  0:45  Spawning Pool  
  17  0:48  Drone  
  17  1:10  Hatchery  
  16  1:13  Drone  
  16  1:17  Extractor  
  16  1:19  Drone  
  16  1:22  Drone  
  18  1:32  Drone  
  19  1:35  Queen  
  21  1:42  Overlord  
  21  1:51  Zergling x2  
  22  2:05  Drone  
  23  2:10  Queen  
  25  2:18  Metabolic Boost  
  25  2:21  Zergling x2  
  25  2:22  Zergling x2  
  27  2:25  Drone  
  27  2:29  Queen  
  30  2:35  Drone x2  
  32  2:47  Drone x4  
  36  2:55  Overlord  
  36  3:04  Roach Warren  
  35  3:06  Drone  
  36  3:17  Drone  
  36  3:18  Drone x4  
  41  3:23  Drone  
  41  3:24  Overlord  
  42  3:42  Overlord  
  42  3:44  Hatchery  
  42  3:47  Lair  
  42  3:55  Drone x2  
  42  3:56  Drone x2  
  43  4:06  Zergling x12  
  47  4:11  Queen  
  49  4:19  Roach x2  
  49  4:20  Roach  
  55  4:28  Evolution Chamber  
  55  4:30  Evolution Chamber, Extractor  
  52  4:31  Drone x2  
  52  4:32  Drone  
  52  4:34  Roach  
  57  4:45  Drone x3  
  60  4:50  Queen  
  55  4:54  Overlord  
  55  4:58  Zergling x8  
  53  5:10  Zergling x4  
  46  5:14  Zergling x2  
  43  5:22  Zerg Missile Weapons Level 1  
  43  5:23  Zerg Ground Armor Level 1  
  43  5:25  Queen, Zergling x2  
  46  5:32  Roach x2  
  49  5:36  Queen  
  49  5:39  Drone  
  52  5:46  Drone  
  52  5:47  Drone x2  
  55  5:53  Drone  
  55  5:54  Drone x5  
  55  5:56  Overlord x2  
  61  6:06  Roach x3  
  61  6:09  Roach  
  69  6:13  Queen  
  67  6:24  Glial Reconstitution  
  61  6:26  Roach  
  61  6:27  Roach x2  
  60  6:36  Drone x3  
  60  6:37  Drone  
  64  6:41  Zergling x2  
  64  6:42  Zergling x14  
  71  6:47  Ravager  
  71  6:55  Drone x3  
  74  7:12  Zergling x2  
  74  7:13  Hatchery, Zergling x10  
  79  7:29  Drone x2  
  81  7:39  Zerg Missile Weapons Level 2  
  81  7:45  Extractor  
  80  7:54  Hatchery  
  80  7:55  Roach x2  
  83  8:05  Overlord x2  
  81  8:06  Overlord x5  
  79  8:18  Overseer  
  79  8:22  Roach x2  
  83  8:29  Roach  
  83  8:30  Roach x5, Tunneling Claws  
  95  8:37  Burrow  
  95  8:42  Extractor  
  94  8:56  Drone x2  
  94  8:57  Drone x7  
  103  9:16  Zerg Ground Armor Level 2  
  103  9:19  Roach x4  
  103  9:20  Roach  
  113  9:31  Roach x4  
  121  9:43  Drone x6  
  121  9:44  Drone x5  
  132  9:46  Roach x4  
  140  10:02  Roach  
  140  10:03  Roach x4  
  140  10:05  Overlord  
  140  10:06  Overlord x4  
  150  10:23  Ravager  
  150  10:24  Ravager  
  150  10:26  Roach x2  
  150  10:27  Zergling x14  
  150  10:28  Zergling x10  
  148  11:14  Zergling x2  
  148  11:15  Zergling x38  
  148  11:16  Zergling x4  
  148  11:29  Roach  
  148  11:30  Roach x3  
  144  11:42  Hydralisk Den  
  137  11:53  Spore Crawler  
  130  11:55  Spore Crawler, Drone  
  130  11:56  Drone x8  
  107  12:16  Hydralisk  
  107  12:17  Hydralisk x6  
  108  12:32  Hydralisk  
  108  12:33  Hydralisk x6  
  118  12:43  Hydralisk x4  
  120  12:44  Hydralisk  
  121  13:00  Muscular Augments  
  121  13:04  Extractor  
  120  13:06  Extractor  
  119  13:16  Hydralisk x4  
  127  13:20  Extractor  
  127  13:22  Extractor  
  117  13:38  Roach x3  
  107  14:00  Roach x4, Hydralisk x2  
  113  14:04  Roach x4  
  113  14:05  Roach  
  113  14:06  Roach  
  113  14:07  Roach x10  
Tags
 
League
Silver
Matchup
ZvZ
Race
Zerg
Spawn Locations
Cross Positions
Add a new tag
Caveats
  • Supply blocks, unpowered buildings, or Contaminate may cause inaccurate times.
  • Supply counts are checked every 10 seconds.